 Dungeon Crawl Stone Soup version 0.28.0-53-g5a82cb258f (webtiles) character file.

Game seed: 9065701004327623004

7 hawla the Magician (level 1, 0/10 HPs)
             Began as a Deep Elf Venom Mage on June 10, 2022.
             Slain by a giant cockroach (2 damage)
             ... on level 1 of the Dungeon.
             The game lasted 00:01:29 (98 turns).

hawla the Magician (Deep Elf Venom Mage)              Turns: 98, Time: 00:01:30

Health: 0/10       AC:  2    Str:  5    XL:     1   Next: 91%
Magic:  2/7        EV: 12    Int: 19    God:
Gold:   0          SH:  0    Dex: 15    Spells: 6/7 levels left

rFire   . . .      SeeInvis .   (no weapon)
rCold   . . .      Faith    .   (no shield)
rNeg    . . .      Spirit   .   a - +0 robe
rPois   .          Reflect  .   (no helmet)
rElec   .          Harm     .   (no cloak)
rCorr   .          Rampage  .   (no gloves)
Will    .....                   (no boots)
Stlth   ++........              (no amulet)
HPRegen 0.03/turn               (no ring)
MPRegen 0.10/turn               (no ring)

@: no status effects
A: no striking features
a: no special abilities


You were on level 1 of the Dungeon.
You visited 1 branch of the dungeon, and saw 1 of its levels.

Inventory:

Armour
 a - a +0 robe (worn)


   Skills:
 + Level 2.5 Dodging
 + Level 2.4 Stealth
 + Level 3.5 Spellcasting
 + Level 1.1 Transmutations
 + Level 3.4 Poison Magic


You had 6 spell levels left.
You knew the following spells:

 Your Spells              Type           Power      Damage    Failure   Level
a - Sting                 Tmut/Pois      48%        1d5       5%          1

Your spell library contained the following spells:

 Spells                   Type           Power      Damage    Failure   Level
 Poisonous Vapours        Pois/Air       18%        N/A       11%         2
 Mephitic Cloud           Conj/Pois/Air  7%         N/A       26%         3
 Olgreb's Toxic Radiance  Pois           16%        N/A       34%         4


Dungeon Overview and Level Annotations

Branches:
Dungeon (1/15)

Altars:


Message History

Casting: Sting (safe; 6% risk of failure)
Confirm with . or Enter, or press ? or * to list all spells.
Aiming: Sting (safe; 6% risk of failure)
Press: ? - help, Shift-Dir - straight line, f - rat
Aim: a rat (71% to hit)
The sting hits the rat.
The rat is poisoned.
The rat is heavily wounded.
Casting: Sting (safe; 6% risk of failure)
Confirm with . or Enter, or press ? or * to list all spells.
Aiming: Sting (safe; 6% risk of failure)
Press: ? - help, Shift-Dir - straight line, f - endoplasm, p - rat
Aim: an endoplasm (98% to hit)
The sting hits the rat.
The rat looks even sicker.
You kill the rat!
The endoplasm barely misses you.
You hit the endoplasm but do no damage.
The endoplasm hits you but does no damage.
You hit the endoplasm.
The endoplasm is lightly wounded.
The endoplasm misses you.
The endoplasm hits you but does no damage.
The rat twitches its whiskers.
The endoplasm freezes you.
You are frozen.
A rat comes into view.
A bat comes into view.
The rat barely misses you.
A giant cockroach and a rat come into view.
The helpless rat fails to defend itself.
You hit the rat but do no damage.
The giant cockroach bites you but does no damage.
The giant cockroach barely misses you.
The rat bites you but does no damage. x2
You hit the rat.
The rat is heavily wounded.
The giant cockroach closely misses you. The rat bites you. x2
* * * LOW HITPOINT WARNING * * *
You closely miss the rat.
The rat is heavily wounded.
The giant cockroach bites you.
You die...

.# ..# #######.# ###
........# #.b #
........# #.# #####.
...)....# #.# r....
..###...# #.# ...#
.##.##..# #.# ...#
.#...#..####.####B..#
.+.<.'........Jr@r.#
J#...#...###########
.##.##...# ..###....#
.........# .........#
.....(...# ##########


You could see an endoplasm, a giant cockroach and 3 rats.

Vanquished Creatures
  An endoplasm (D:1)
  2 hobgoblins (D:1)
  A kobold (D:1)
  2 goblins (D:1)
  A rat (D:1)
7 creatures vanquished.

Notes
Turn   | Place    | Note
-------+----------+-------------------------------------------
     0 | D:1      | hawla the Deep Elf Venom Mage began the quest for the Orb.
     0 | D:1      | Reached XP level 1. HP: 10/10 MP: 6/6
    13 | D:1      | Found a faded altar of an unknown god.
    98 | D:1      | Slain by a giant cockroach

Illustrated notes

Levels and vault maps discovered:
D:1:      dpeg_arrival_shelter, layout_basic, hellmonk_ecumenical_altar_lost_god

Action                   || total
-------------------------++-------
Melee: Unarmed           ||     6
 Cast: Sting             ||    11
 Stab: Sleeping          ||     1
Armor: Robe              ||     5
Dodge: Dodged            ||     8
